 Seeded DCSS version 0.30.1-9-gdf580d7c3d (webtiles) character file.

Game seed: 9106806156630997546 (custom seed)

203 Psyclone the Conjurer (level 5, 0/28 HPs)
             Began as a Deep Elf Conjurer on Oct 9, 2023.
             Was an Initiate of Gozag.
             Succumbed to a kobold's poison
             ... in a sewer.
             The game lasted 00:02:14 (770 turns).

Psyclone the Conjurer (Deep Elf Conjurer)            Turns: 770, Time: 00:02:15

Health: 0/28       AC:  2    Str:  4    XL:     5   Next: 51%
Magic:  0/11       EV: 12    Int: 25    God:    Gozag
Gold:   75         SH:  0    Dex: 13    Spells: 7/10 levels left

rFire   . . .        (no weapon)
rCold   . . .        (no shield)
rNeg    . . .        a - +0 robe
rPois   .            (no helmet)
rElec   .            (no cloak)
rCorr   .            (no gloves)
SInv    .            (no boots)
Will    .....        (no amulet)
Stlth   +            (no ring)
HPRegen 0.24/turn    (no ring)
MPRegen 0.12/turn

%: no passive effects
@: lethally poisoned (0 -> -17), gold aura, very slow
A: no striking features
a: Renounce Religion, Potion Petition, Call Merchant, Bribe Branch


You were in a sewer.
You worshipped Gozag.
Gozag was noncommittal.
You visited 2 branches of the dungeon, and saw 6 of its levels.
You also visited: Sewer.

You collected 162 gold pieces.
You paid 87 gold pieces to Gozag.

Inventory:

Armour
 a - a +0 robe (worn)
Scrolls
 d - a scroll of fear {unknown}
Potions
 b - a potion of magic
 c - a potion of haste {unknown}


   Skills:
 - Level 2.4 Dodging
 - Level 2.4 Stealth
 - Level 3.0 Spellcasting
 + Level 7.5 Conjurations


You had 7 spell levels left.
You knew the following spells:

 Your Spells              Type           Power      Damage    Failure   Level
a - Magic Dart            Conj           100%       1d8       1%          1
b - Searing Ray           Conj           82%        2d7       1%          2

Your spell library contained the following spells:

 Spells                   Type           Power      Damage    Failure   Level
 Dazzling Flash           Conj/Hex       44%        N/A       6%          3
 Fulminant Prism          Conj/Hex       11%        3d9       22%         4
 Iskenderun's Mystic Bla  Conj/Tloc      22%        2d6       22%         4


Dungeon Overview and Level Annotations

Branches:
Dungeon (5/15) Zot: 26744  Temple (1/1) D:5 Zot: 5978   Sewer (1/1) Zot: 5796

Altars:
Dithmenos
Gozag
Hepliaklqana
Okawaru
Qazlal
Ru
Sif Muna
Trog
Uskayaw
Xom
Yredelemnul

Annotations:
D:3 Natasha


Message History

(Press . to maintain the ray.)
The kobold brigand hits you but does no damage.
You now have 3/10 mp.
The searing ray hits the kobold brigand.
The kobold brigand is almost dead.
The kobold brigand hits you with a +0 club!
The kobold hits you but does no damage.
You take 6 damage, and have 9/24 hp.
MASSIVE DAMAGE!!
You now have 2/10 mp.
The searing ray hits the kobold brigand.
You kill the kobold brigand!
You hear a splash. x2
A ball python comes into view.
The kobold hits you with a +0 short sword.
* * * LOW HITPOINT WARNING * * *
Your Conjurations skill increases to level 7!
You have reached level 5!
You take 2 damage, and have 7/28 hp.
You now have 1/11 mp.
The kobold attacks as you move away! The kobold closely misses you.
Things that are here:
3 gold pieces; a +0 club; 6 poisoned darts The kobold attacks as you move away!
The kobold splashes around in the water.
The kobold throws a poisoned dart.
The poisoned dart hits you!
You are lethally poisoned!
* * * LOW HITPOINT WARNING * * *
You feel very sick.
The kobold throws a poisoned dart.
The poisoned dart hits you!
You are more poisoned.
You take 4 damage, and have 4/28 hp.
Casting: Searing Ray (safe; 1% risk of failure)
Confirm with . or Enter, or press ? or * to list all spells.
Aiming: Searing Ray (safe; 1% risk of failure)
Press: ? - help, Shift-Dir - straight line, f - kobold
Aim: a kobold, wielding a +0 short sword and quivering poisoned darts (77% to hit)
The searing ray hits the kobold.
You kill the kobold!
You hear a splash. x2 (Press . to maintain the ray.)
You die...
Your body crumbles into a pile of gold.

########## #######
#..##.P..####~PP..####
#.~.~PP..~##~~P....≈≈##
###~#......~.......≈≈≈≈
#~#..~.~~~..#~#...≈≈≈
#~#.~~..~~~~#~#.∩.≈≈≈
#~######$.~##~#.∩.≈≈≈
#~#~@~$~.~.##~#....≈≈
#~######~.###~#.P####
#~# ..## #~#..~~~~ #~#
~..# #~##.#### ### ..##
#~##P.P≈≈ ~. #~###PP≈≈
~K# ### #####


There were no monsters in sight!

Vanquished Creatures
  A kobold brigand (Sewer)
  A scorpion (D:5)
  3 adders
  2 river rats (D:5)
  2 dart slugs
  2 orcs (D:5)
  2 ball pythons (D:5)
  A bat (D:1)
  An endoplasm (D:4)
  2 giant cockroaches (D:5)
  A hobgoblin (D:4)
  3 jackals
  3 kobolds
  A frilled lizard (Sewer)
  2 rats (D:5)
27 creatures vanquished.

Notes
Turn   | Place    | Note
-------+----------+-------------------------------------------
     0 | D:1      | Psyclone the Deep Elf Conjurer began the quest for the Orb.
     0 | D:1      | Reached XP level 1. HP: 10/10 MP: 6/6
    28 | D:2      | Found a stormy altar of Qazlal.
   142 | D:2      | Reached XP level 2. HP: 15/15 MP: 5/8
   205 | D:2      | Learned a level 2 spell: Searing Ray
   206 | D:3      | Noticed Natasha
   229 | D:4      | Reached skill level 5 in Conjurations
   311 | D:5      | Entered Level 5 of the Dungeon
   336 | D:5      | Noticed a scorpion
   347 | D:5      | Killed a scorpion
   348 | D:5      | Reached skill level 6 in Conjurations
   348 | D:5      | Reached XP level 3. HP: 17/19 MP: 2/9
   348 | D:5      | Reached XP level 4. HP: 21/24 MP: 2/10
   459 | D:5      | Found a staircase to the Ecumenical Temple.
   472 | D:5      | Noticed a yak
   474 | Temple   | Entered the Ecumenical Temple
   484 | Temple   | Became a worshipper of Gozag Ym Sagoz the Greedy
   495 | D:5      | Noticed a yak
   495 | D:5      | Noticed a yak
   566 | D:5      | Found a glowing drain.
   586 | Sewer    | Entered a sewer
   758 | Sewer    | Noticed a kobold brigand
   766 | Sewer    | Killed a kobold brigand
   767 | Sewer    | Reached skill level 7 in Conjurations
   767 | Sewer    | Reached XP level 5. HP: 7/28 MP: 1/11
   770 | Sewer    | Succumbed to a kobold's poison

Illustrated notes

Levels and vault maps discovered:
D:1:      onia_arrival_mini_spirals, layout_loops_ring, serial_shops, shop
D:2:      layout_rooms, basic_altar, reono_crystal_passage, minmay_tetromino_l2,
          uniq_robin, uniq_jessica, uniq_crazy_yiuf_cottage
D:3:      layout_loops_ring, uniq_sigmund, uniq_natasha
D:4:      layout_rooms, ebering_ghost_sewer_d, nicolae_take_the_stairs,
          grunt_ministairs_6, ebering_dispersal_statue_hall,
          minmay_ogre_servants
D:5:      nicolae_cairo_tiling_large, layout_basic, slow_altar_2,
          minmay_temple_entry_junction_2, portal_sewer_entry_b
Temple:   nicolae_temple_bog_church
Sewer:    sewer_co_scattered_pipes

Skill      XL: |  1  2  3  4 |
---------------+-------------+-----
Conjurations   | 6 7 |  7.5
Dodging        | |  2.4
Stealth        | |  2.4
Spellcasting   | |  3.0

Action                     |  1- 3 |  4- 6 || total
---------------------------+-------+-------++-------
  Melee: Unarmed           |       |     7 ||     7
   Cast: Magic Dart        |    13 |    16 ||    29
         Searing Ray       |     3 |     5 ||     8
 Armour: Robe              |       |     2 ||     2
  Dodge: Dodged            |    13 |     7 ||    20
